 Dungeon Crawl Stone Soup version 0.29-a0-330-g52719c12eb (webtiles) character file.

Game seed: 5402700925408380693

3 Leszczynek the Insei (level 1, 13/17 HPs)
             Began as a Human Gladiator on Apr 15, 2022.
             Was a Follower of Fedhas.
             Quit the game on level 1 of the Dungeon.
             The game lasted 00:00:48 (138 turns).

Leszczynek the Insei (Human Gladiator)               Turns: 138, Time: 00:00:49

Health: 13/17      AC:  4    Str: 14    XL:     1   Next: 55%
Magic:  1/1        EV: 12    Int:  8    God:    Fedhas [*.....]
Gold:   14         SH:  0    Dex: 14    Spells: 0/0 levels left

rFire   . . .      SeeInvis .     - Unarmed
rCold   . . .      Faith    .   (no shield)
rNeg    . . .      Spirit   .   a - +0 leather armour
rPois   .          Reflect  .   b - +0 helmet
rElec   .          Harm     .   (no cloak)
rCorr   .          Rampage  .   (no gloves)
Will    .....                   (no boots)
Stlth   +.........              (no amulet)
HPRegen 0.05/turn               (no ring)
MPRegen 0.07/turn               (no ring)

@: no status effects
A: no striking features
a: Renounce Religion


You were on level 1 of the Dungeon.
You worshipped Fedhas.
Fedhas was aware of your devotion.
You visited 1 branch of the dungeon, and saw 1 of its levels.

You collected 14 gold pieces.

Inventory:

Missiles
 c - 3 throwing nets (quivered)
 d - a javelin
 g - 5 poisoned darts
Armour
 a - a +0 leather armour (worn)
 b - a +0 helmet (worn)
Scrolls
 e - a scroll of silence {unknown}
 f - a scroll of blinking {unknown}
 h - a scroll of magic mapping {unknown}
Potions
 i - a potion of curing {unknown}


   Skills:
 + Level 2.3 Fighting
 - Level 2.0 Throwing
 - Level 3.0 Dodging
 - Level 3.0 Unarmed Combat


You couldn't memorise any spells.
You didn't know any spells.
Your spell library was empty.

Dungeon Overview and Level Annotations

Branches:
Dungeon (1/15)

Altars:
Fedhas


Message History

The bat barely misses you.
The endoplasm hits you but does no damage.
You closely miss the bat. The bat misses you. The endoplasm closely misses you.
You hit the endoplasm but do no damage. The bat closely misses you.
The bat barely misses you. The endoplasm misses you.
You hit the endoplasm.
The endoplasm is heavily wounded.
The bat completely misses you. The endoplasm freezes you.
You are frozen.
You hit the endoplasm.
You kill the endoplasm!
The bat closely misses you. The bat barely misses you.
The bat closely misses you.
You hit the bat but do no damage. The bat hits you but does no damage.
The bat closely misses you. The bat hits you but does no damage.
You closely miss the bat. The bat hits you but does no damage.
The bat closely misses you.
You hit the bat.
The bat is severely wounded.
The bat closely misses you.
You hit the bat.
You kill the bat!
Found a murky purple potion.
You see here 5 poisoned darts.
g - 5 poisoned darts
h - a scroll labelled XUETZI IDEGG
Found a stone staircase leading down.
i - a murky purple potion
Found a stone staircase leading down.
Found 9 gold pieces.
Found a faded altar of an unknown god.
You now have 14 gold pieces (gained 9).
There is a faded altar of an unknown god here.
You cannot tell which god this altar belongs to.
Convert to them anyway?
Fedhas accepts your prayer! Fedhas welcomes you!
The plants of the dungeon cease their hostilities.
Are you sure you want to abandon this character and quit the game? (Confirm with "yes".)

#............#####
#...........
...........#.#...#
##..........
##........##......
##.....#...
#........##......
#####..####.
#...................#
##.. .
#.............P.....#
#...........P♣P♣P...#
...........P♣♣♣♣P.#
..........PP@P♣..#
.........PPP.PP..#
#.........♣♣♣.P..#
#######.....P....#
#.........##
##.......## #########


There were no monsters in sight!

Vanquished Creatures
  An endoplasm (D:1)
  A hobgoblin (D:1)
  A bat (D:1)
3 creatures vanquished.

Notes
Turn   | Place    | Note
-------+----------+-------------------------------------------
     0 | D:1      | Leszczynek the Human Gladiator began the quest for the Orb.
     0 | D:1      | Reached XP level 1. HP: 16/16 MP: 1/1
   123 | D:1      | Found a faded altar of an unknown god.
   137 | D:1      | Prayed at the altar of an unknown god.
   137 | D:1      | Became a worshipper of Fedhas Madash
   137 | D:1      | Reached * piety under Fedhas
   138 | D:1      | Quit the game

Illustrated notes

Levels and vault maps discovered:
D:1:      dpeg_arrival_signposts, layout_rooms, dreamdust_ecumenical_altar_grove

Action                   || total
-------------------------++-------
Melee: Unarmed           ||    23
Armor: Leather armour    ||    17
Dodge: Dodged            ||    29

Table legend: (Time is in decaauts)
 A = Elapsed time spent in this place.
 B = Non-inter-level travel time spent in this place.
 C = Inter-level travel time spent in this place.
 D = Time resting spent in this place.
 E = Time spent auto-exploring this place.
 F = Levels seen in this place.
 G = Mean time per level.
                   A        B        C        D        E       F      G
               +--------+--------+--------+--------+--------+-----+--------+
         Total |    136 |    136 |      0 |      0 |      0 |   1 |  136.0 |
       Dungeon |    136 |    136 |      0 |      0 |      0 |   1 |  136.0 |
               +--------+--------+--------+--------+--------+-----+--------+

Top non-repeatable levels by time:
     D:1: 136 daAuts
